 Dungeon Crawl Stone Soup version 0.30-a0-591-g3c58d2bc28 (webtiles) character file.

Game seed: 2114294523591306525

2303 Citaku the Protected (level 9, -16/78 HPs)
             Began as a Minotaur Fighter on Jan 6, 2023.
             Was an Initiate of Trog.
             Killed from afar by Maggie (27 damage)
             ... with a bolt of fire
             ... on level 7 of the Dungeon.
             The game lasted 00:09:17 (5782 turns).

Citaku the Protected (Minotaur Fighter)             Turns: 5782, Time: 00:09:17

Health: -16/78     AC: 17    Str: 23    XL:     9   Next: 18%
Magic:  8/8        EV: 10    Int:  5    God:    Trog [......]
Gold:   326        SH: 10    Dex: 12    Spells: 8/8 levels left

rFire   . . .      SeeInvis .    a - +0 war axe
rCold   . . .      Faith    +    j - +0 kite shield
rNeg    . . .      Spirit   .    c - +0 plate armour
rPois   .          Reflect  .    (helmet restricted)
rElec   .          Harm     .    B - +0 cloak
rCorr   .          Rampage  .    (no gloves)
Will    .....                    x - +0 pair of boots Stlth
                                 D - amulet of faith
HPRegen 0.33/turn                l - +5 ring of evasion
MPRegen 0.11/turn                (no ring)

@: no status effects
A: horns 2, retaliatory headbutt
a: Renounce Religion


You were on level 7 of the Dungeon.
You worshipped Trog.
Trog was noncommittal.
You visited 2 branches of the dungeon, and saw 8 of its levels.
You also visited: Sewer.

You collected 326 gold pieces.

Inventory:

Hand Weapons
 a - a +0 war axe (weapon)
Missiles
 v - a throwing net (quivered)
Armour
 c - a +0 plate armour (worn)
 j - a +0 kite shield (worn)
 x - a +0 pair of boots (worn)
 B - a +0 cloak (worn)
Jewellery
 l - a +5 ring of evasion (left hand)
 D - an amulet of faith (around neck)
Wands
 d - a wand of roots (7)
 r - a wand of flame (1)
 y - a wand of polymorph (4)
Scrolls
 b - 2 scrolls of enchant armour {unknown}
 f - 8 scrolls of identify {unknown}
 i - 2 scrolls of magic mapping {unknown}
 p - 3 scrolls of enchant weapon {unknown}
 t - 2 scrolls of vulnerability {unknown}
 w - 2 scrolls of amnesia {unknown}
 A - a scroll of brand weapon {unknown}
 C - a scroll of blinking {unknown}
Potions
 e - 7 potions of curing
 g - 3 potions of flight {unknown}
 h - 4 potions of berserk rage {unknown}
 k - 4 potions of mutation {unknown}
 m - 4 potions of brilliance {unknown}
 n - 2 potions of haste {unknown}
 o - 2 potions of heal wounds {unknown}
 q - 2 potions of invisibility {unknown}
 s - a potion of ambrosia {unknown}
 u - 2 potions of degeneration {unknown}
 z - a potion of magic {unknown}


   Skills:
 + Level 6.9 Fighting
 * Level 8.8 Axes
 * Level 9.3 Armour
 + Level 6.9 Shields


You had 8 spell levels left.
You didn't know any spells.
Your spell library was empty.

Dungeon Overview and Level Annotations

Branches:
Dungeon (7/15)             Temple (1/1) D:4           Sewer (visited)

Altars:
Ashenzari
Cheibriados
Dithmenos
Elyvilon
Fedhas
Gozag
Hepliaklqana
Nemelex Xobeh
Okawaru
Qazlal
Ru
Sif Muna
Trog
Uskayaw
Vehumet
Wu Jian
Xom
Yredelemnul
Zin
The Shining One

Shops:
D:1 (

Annotations:
D:7 Maggie


Innate Abilities, Weirdness & Mutations

You have a pair of horns on your head.
You reflexively headbutt those who attack you in melee.


Message History

D - an amulet of faith (around neck)
You hit Maggie but do no damage. You headbutt Maggie!
Maggie is lightly wounded.
Maggie hits you with a +1 morningstar of flaming.
Maggie burns you.
You slash Maggie! You headbutt Maggie!
Maggie is heavily wounded.
You block Maggie's attack.
Maggie hits you with a +1 morningstar of flaming!
* * * LOW HITPOINT WARNING * * *
Maggie burns you.
* * * LOW HITPOINT WARNING * * *
You hit Maggie but do no damage.
Maggie is heavily wounded.
You block Maggie's attack.
You hit Maggie but do no damage.
Maggie is heavily wounded.
Maggie hits you but does no damage.
You slash Maggie!
Maggie is severely wounded.
You block Maggie's attack.
You closely miss Maggie.
Maggie is severely wounded.
Maggie says, "Have you seen any dragons?"
Maggie misses you.
You slash Maggie!
Maggie is almost dead.
Maggie closely misses you. You furiously retaliate!
You headbutt Maggie. You block Maggie's attack.
You hit Maggie but do no damage.
Maggie is almost dead.
Maggie hits you with a +1 morningstar of flaming.
* * * LOW HITPOINT WARNING * * *
Maggie burns you.
* * * LOW HITPOINT WARNING * * *
You closely miss Maggie. Your headbutt misses Maggie.
Maggie is almost dead.
Maggie gestures at you while chanting. The bolt of fire hits you!!
You die...

.. #....# ... #....#
...##########....##
..................#
..................#
..................#
..................#
.......<....@@....#
...#+###'#...........
#...........
#...........
#...........
..##+######+ ...#
....#


You could see Maggie.

Vanquished Creatures
  Pikel (D:5)
  A steam dragon (D:7)
  An acid dragon (D:6)
  Duvessa (D:5)
  A water moccasin (D:6)
  An orc warrior (D:3)
  2 ice beasts (D:6)
  A black bear (D:4)
  2 ogres (D:5)
  A phantom (D:5)
  A scorpion (D:6)
  Dowan (D:5)
  Crazy Yiuf (D:5)
  3 hounds
  2 jellies
  3 orc priests
  Ijyb (D:3)
  3 orc wizards
  An iguana (D:5)
  8 gnolls
  6 adders
  2 white imps
  2 ufetubi (D:4)
  3 dart slugs
  5 worms
  11 orcs
  5 endoplasms
  7 giant cockroaches
  8 hobgoblins
  5 jackals
  15 kobolds
  7 quokkas
  10 ball pythons
  11 bats
  3 frilled lizards (D:2)
  5 goblins
  8 rats
149 creatures vanquished.

Vanquished Creatures (others)
  3 plants (Sewer)
3 creatures vanquished.

Grand Total: 152 creatures vanquished

Notes
Turn   | Place    | Note
-------+----------+-------------------------------------------
     0 | D:1      | Citaku the Minotaur Fighter began the quest for the Orb.
     0 | D:1      | Reached XP level 1. HP: 19/19 MP: 0/0
   144 | D:1      | Reached XP level 2. HP: 27/27 MP: 1/1
   243 | D:1      | Reached skill level 4 in Armour
   353 | D:1      | Found Bedghenoh's Antique Weapon Emporium.
   577 | D:1      | Reached XP level 3. HP: 28/33 MP: 2/2
  1254 | D:2      | Reached XP level 4. HP: 40/40 MP: 3/3
  1626 | D:3      | Found a glowing drain.
  1657 | Sewer    | Entered a sewer
  1945 | D:3      | Reached skill level 5 in Armour
  1993 | D:3      | Noticed an orc warrior
  2002 | D:3      | Killed an orc warrior
  2003 | D:3      | Reached XP level 5. HP: 24/47 MP: 4/4
  2113 | D:3      | Reached XP level 6. HP: 53/53 MP: 5/5
  2143 | D:3      | Noticed Ijyb
  2165 | D:3      | Killed Ijyb
  2166 | D:3      | Reached skill level 5 in Axes
  2853 | D:4      | Reached skill level 6 in Armour
  2857 | D:4      | Reached skill level 5 in Shields
  2869 | D:4      | Reached skill level 5 in Fighting
  3057 | D:4      | Reached XP level 7. HP: 52/61 MP: 6/6
  3174 | D:4      | Found a staircase to the Ecumenical Temple.
  3183 | Temple   | Entered the Ecumenical Temple
  3204 | Temple   | Became a worshipper of Trog the Wrathful
  3978 | D:5      | Entered Level 5 of the Dungeon
  4055 | D:5      | Noticed Pikel
  4066 | D:5      | Killed Pikel
  4067 | D:5      | Reached skill level 7 in Armour
  4067 | D:5      | Reached XP level 8. HP: 70/70 MP: 7/7
  4231 | D:5      | Reached skill level 8 in Armour
  4345 | D:5      | Noticed Duvessa
  4345 | D:5      | Noticed Dowan
  4357 | D:5      | Killed Duvessa
  4363 | D:5      | Killed Dowan
  4629 | D:5      | Found a runed translucent door.
  4630 | D:5      | Noticed Crazy Yiuf
  4637 | D:5      | Killed Crazy Yiuf
  5255 | D:6      | Reached skill level 9 in Armour
  5257 | D:6      | Reached XP level 9. HP: 74/78 MP: 8/8
  5428 | D:6      | Found a glowing silver altar of Zin.
  5429 | D:6      | Found an opulent altar of Gozag.
  5769 | D:7      | Noticed Maggie
  5782 | D:7      | Killed from afar by Maggie

Illustrated notes

Levels and vault maps discovered:
D:1:      eino_arrival_druids_welcome, layout_rooms, serial_co_window_serial,
          co_window_paths_a, co_window_of_opportunity_a,
          co_window_of_opportunity_a, co_window_of_opportunity_a,
          co_window_paths_b, co_window_paths_a, co_window_corner_a,
          co_window_paths_a, co_window_cross_1, co_window_2corner,
          co_window_corner_b, co_window_corner_cb, co_window_2corner,
          co_window_cross_3, co_window_paths_c, glass_columns_a,
          glass_columns_a, glass_columns_a, glass_columns_c, serial_shops,
          nicolae_shop_overgrown_old_shop
D:2:      layout_basic
D:3:      layout_basic, cheibrodos_sewer_entry_drain, uniq_ijyb
D:4:      layout_basic, minmay_temple_entry_tees, kennysheep_generic_room_12
D:5:      layout_rooms, uniq_pikel, uniq_crazy_yiuf_cottage, uniq_duvessa
D:6:      layout_loops_cross, grunt_temple_overflow_gold_and_silver
D:7:      layout_gridville, mainiacjoe_overflow_catch_the_wave, uniq_maggie
Temple:   regret_index_temple_chain_breaker

Skill      XL: |  1  2  3  4  5  6  7  8 |
---------------+-------------------------+-----
Armour         | 4 5 6 7 9 |  9.3
Axes           | 3 4 5 7 8 |  8.8
Fighting       | 4 5 6 |  6.9
Shields        | 4 5 6 |  6.9

Action                   |  1- 3 |  4- 6 |  7- 9 || total
-------------------------+-------+-------+-------++-------
Melee: War axe           |    78 |   163 |   136 ||   377
       Headbutt          |    14 |    31 |    16 ||    61
  Use: Potion            |       |     1 |     3 ||     4
Armor: Scale mail        |    55 |     1 |       ||    56
       Plate armour      |       |    89 |    93 ||   182
       Skin              |       |       |     1 ||     1
Dodge: Dodged            |    57 |    73 |    52 ||   182
Block: Buckler           |    15 |       |       ||    15
       Kite shield       |    11 |   108 |    86 ||   205

Table legend: (Time is in decaauts)
 A = Elapsed time spent in this place.
 B = Non-inter-level travel time spent in this place.
 C = Inter-level travel time spent in this place.
 D = Time resting spent in this place.
 E = Time spent auto-exploring this place.
 F = Levels seen in this place.
 G = Mean time per level.
                   A        B        C        D        E       F      G
               +--------+--------+--------+--------+--------+-----+--------+
         Total |   5955 |   5955 |      0 |    191 |   4055 |   9 |  661.7 |
       Dungeon |   5500 |   5500 |      0 |    191 |   3842 |   7 |  785.7 |
        Temple |    168 |    168 |      0 |      0 |    102 |   1 |  168.0 |
         Sewer |    286 |    286 |      0 |      0 |    110 |   1 |  286.0 |
               +--------+--------+--------+--------+--------+-----+--------+

Top non-repeatable levels by time:
     D:1: 1046 daAuts
     D:4: 1036 daAuts
     D:3: 1002 daAuts
     D:6: 969 daAuts
     D:5: 825 daAuts
     D:2: 582 daAuts
   Sewer: 286 daAuts
  Temple: 168 daAuts
     D:7: 38 daAuts
